 Dungeon Crawl Stone Soup version 0.20.0-6-gd3061e9 (webtiles) character file.

1859226 inmateoo the Wrestler (level 27, 246/246 HPs)
             Began as a Ghoul Warper on May 28, 2017.
             Was the Champion of Cheibriados.
             Escaped with the Orb
             ... and 3 runes!
             The game lasted 02:52:08 (61241 turns).

inmateoo the Wrestler (Ghoul Warper)               Turns: 61241, Time: 02:52:08

Health: 246/246    AC: 27    Str: 50      XL:     27
Magic:  35/39      EV: 30    Int: 32      God:    Cheibriados [******]
Gold:   2348       SH: 19    Dex: 26 (28) Spells: 11/53 levels left

rFire    + + .     SeeInvis .     - Unarmed
rCold    + + +     Gourm    .   o - +2 shield of Supple Strength {+Fly rPois Regen+}
rNeg     + + +     Faith    .   G - +3 chain mail "Hauleur" {rElec rN+ Int+4}
rPois    ∞         Spirit   +   B - +2 helmet
rElec    +         Reflect  .   n - +2 cloak {+Inv}
rCorr    +         Harm     .   (no gloves)
MR       ++++.                  g - +1 pair of boots
Stlth    ..........             z - amulet "Beraf" {Spirit MR+ Str+2}
Regen    0.0/turn               q - ring of Winter {rF+ rC+ rN+}
MPRegen  0.3/turn               C - ring "Ynet" {rC+ MR+}

@: mighty, brilliant, agile, resistant, shrouded, regenerating, rotting, deflect
missiles, very slow
A: rotting body, claws 1, carnivore 3, cold resistance 1, negative energy
resistance 3, inhibited regeneration, torment resistance, unbreathing
0: Orb of Zot
}: 3/15 runes: barnacled, abyssal, gossamer
a: Bend Time, Temporal Distortion, Slouch, Step From Time, Renounce Religion,
Evoke Invisibility, Evoke Flight


You escaped.
You worshipped Cheibriados.
Cheibriados was exalted by your worship.
You were not hungry.

You visited 11 branches of the dungeon, and saw 52 of its levels.
You visited the Abyss 1 time.
You also visited: Trove, Ice Cave and Wizlab.

You collected 6816 gold pieces.
You spent 4468 gold pieces at shops.

Inventory:

Missiles
 D - 13 throwing nets (quivered)
Armour
 g - a +1 pair of boots (worn)
 n - a +2 cloak of invisibility (worn)
 o - the +2 shield of Supple Strength (worn) {+Fly rPois Regen+}
   (You took it off Asterion on level 3 of the Elven Halls)

   It protects you from poison.
   It lets you fly.
   It increases your rate of regeneration.
 r - a +10 plate armour of fire resistance
 B - a +2 helmet (worn)
 G - the +3 chain mail "Hauleur" (worn) {rElec rN+ Int+4}
   (You took it off a deep elf blademaster on level 3 of the Elven Halls)

   It affects your intelligence (+4).
   It insulates you from electricity.
   It protects you from negative energy.
Jewellery
 k - an uncursed ring of see invisible
 q - the ring of Winter (left claw) {rF+ rC+ rN+}
   (You found it on level 4 of the Depths)

   [ring of protection from cold]

   It protects you from fire.
   It protects you from cold.
   It protects you from negative energy.
 z - the amulet "Beraf" (around neck) {Spirit MR+ Str+2}
   (You found it on level 3 of the Elven Halls)

   [amulet of guardian spirit]

   It causes incoming damage to be split between your health and magic.
   It affects your strength (+2).
   It affects your resistance to hostile enchantments.
 C - the ring "Ynet" (right claw) {rC+ MR+}
   (You found it on level 3 of the Elven Halls)

   [ring of protection from magic]

   It protects you from cold.
   It affects your resistance to hostile enchantments.
 U - an uncursed ring of protection from magic
 Z - an uncursed ring of resist corrosion
Wands
 a - a wand of confusion (11/48)
 p - a wand of paralysis (14/24)
 x - a wand of digging (5/24)
 y - a wand of clouds (4/9)
 J - a wand of acid (7/15)
 M - a wand of disintegration (7/24)
 V - a wand of lightning (5/15)
Scrolls
 b - 26 scrolls of remove curse
 c - 6 scrolls of blinking
 e - 11 scrolls of amnesia
 i - 2 scrolls of silence
 s - a scroll of torment
 t - a scroll of magic mapping
 w - 15 scrolls of teleportation
 E - 18 scrolls of identify
 K - 3 scrolls of fear
 P - 4 scrolls of recharging
 T - 2 scrolls of fog
Potions
 d - 4 potions of ambrosia
 h - 8 potions of cancellation
 j - 11 potions of curing
 A - 2 potions of magic
 H - 3 potions of invisibility
 I - 5 potions of agility
 Q - 4 potions of flight
Miscellaneous
 m - 2 boxes of beasts
 u - a fan of gales
 v - a sack of spiders
 O - a phantom mirror
 R - a lamp of fire
 X - a phial of floods
 Y - a lightning rod (4/4)
Comestibles
 f - 22 meat rations
 l - 18 royal jellies


   Skills:
 + Level 20.1 Fighting
 - Level 0.8 Throwing
 + Level 16.1 Armour
 + Level 15.3 Dodging
 + Level 12.5 Shields
 * Level 25.9 Unarmed Combat
 + Level 13.6 Spellcasting
 + Level 10.5 Charms
 + Level 13.6 Necromancy
 - Level 10.0 Translocations
 * Level 13.5 Air Magic
 - Level 10.1 Invocations
 + Level 13.6 Evocations


You had 11 spell levels left.
You knew the following spells:

 Your Spells              Type           Power        Failure   Level  Hunger
a - Blink                 Tloc           N/A          1%          2    None
b - Shroud of Golubria    Chrm/Tloc      #######...   1%          2    None
c - Lesser Beckoning      Tloc           #######...   1%          3    None
d - Passage of Golubria   Tloc           N/A          1%          4    None
e - Passwall              Tmut/Erth      #####.....   1%          2    None
f - Apportation           Tloc           ######       1%          1    None
g - Tornado               Air            #######...   77%         9    #######
h - Regeneration          Chrm/Necr      #######...   1%          3    None
i - Deflect Missiles      Chrm/Air       #######...   1%          6    ###....
j - Dispel Undead         Necr           #######.     1%          5    None
k - Bolt of Draining      Conj/Necr      ######....   1%          5    None


Dungeon Overview and Level Annotations

Branches:
Dungeon (15/15)            Temple (1/1) D:6            Lair (6/6) D:9
 Shoals (4/4) Lair:2       Spider (4/4) Lair:2        Slime (0/5) Lair:6
    Orc (2/2) D:9             Elf (3/3) Orc:2        Vaults (4/5) D:14
  Crypt (3/3) Vaults:3       Tomb (0/3) Crypt:3      Depths (5/5) D:15
    Zot (5/5) Depths:5

Altars:
Ashenzari
Cheibriados
Dithmenos
Elyvilon
Fedhas
Gozag
Hepliaklqana
Kikubaaqudgha
Makhleb
Nemelex Xobeh
Okawaru
Qazlal
Ru
Sif Muna
Trog
Uskayaw
Vehumet
Xom
Yredelemnul
Zin
The Shining One
Jiyva

Shops:
D:7 *   D:15 }   Orc:2 =*[(   Elf:2 [   Vaults:1 *   Vaults:3 :
Vaults:4 :(:?[   Depths:1 :

Portals:
Hell: Depths:1 Depths:2 Depths:3 Depths:4 Depths:5
Abyss: Depths:1 Depths:2 Depths:4
Pandemonium: Depths:1 Depths:3
Ziggurat: Depths:5

Annotations:
D:5 Hasart's ghost, novice DsIE
Lair:5 exclusion: 2 oklob plants
Lair:6 1 runed door
Elf:2 3 runed doors
Depths:5 exclusions: angel, 3 daevas and 1 more exclusion


Innate Abilities, Weirdness & Mutations

Your body is rotting away.
You thrive on raw meat.
You are immune to poison.
You have sharp fingernails.
You are carnivorous and can eat meat at any time.
Your flesh is cold resistant. (rC+)
You are immune to negative energy. (rN+++)
You do not regenerate when monsters are visible.
You are immune to unholy pain and torment.
You can survive without breathing.


Message History

You feel agile all of a sudden.
Casting: Regeneration
Confirm with . or Enter, or press ? or * to list all spells.
You're already deflecting missiles.
Casting: Deflect Missiles
Confirm with . or Enter, or press ? or * to list all spells.
Your skin crawls.
Casting: Regeneration
Confirm with . or Enter, or press ? or * to list all spells.
Space distorts slightly along a thin shroud covering your body.
Casting: Shroud of Golubria
Confirm with . or Enter, or press ? or * to list all spells.
Okay, then.
Okay, then.
Okay, then.
You fail to use your ability.
Unknown command.
You block the quasit's attack. The quasit completely misses you. x2
You block the quasit's attack. x2; The quasit closely misses you.
You have escaped!

#...#≈.≈#≈≈≈#...######.
#...#≈.≈#≈≈.#..........
#...#≈.≈#≈..#.#########
#...#...#...#.#
#...........#.#
#...........#.#
#...........#.#
#...........###
#....5@.....#
#)...)......#
#############


You could see a quasit.

Vanquished Creatures
  6 orbs of fire
  4 ancient liches (Zot:5)
  Mara (Vaults:4)
  4 Killer Klowns
  Saint Roka (Orc:2)
  5 caustic shrikes
  A curse toe (Zot:3)
  8 golden dragons
  A profane servitor (Crypt:3)
  A bone dragon (Crypt:3)
  A Tzitzimitl (Zot:5)
  6 electric golems
  A Brimstone Fiend (D:11)
  A Cloud Mage (WizLab)
  Jorgrun (Elf:3)
  A Hell Sentinel (Zot:5)
  16 tentacled monstrosities
  3 pandemonium lords
  2 Ice Fiends (IceCv)
  25 Orb Guardians
  3 liches
  2 deep elf blademasters (Elf:3)
  Asterion (Elf:3)
  2 deep elf master archers (Elf:3)
  3 quicksilver dragons
  2 titans (Depths:4)
  5 death cobs
  Frances (D:12)
  Polyphemus (Shoals:4)
  A kraken (Abyss:3)
  A tentacled starspawn (Abyss:2)
  5 ancient champions
  9 sphinxes
  18 storm dragons
  2 tengu reavers
  Agnes (Elf:1)
  11 shadow dragons
  Roxanne (Elf:1)
  Donald (Vaults:4)
  A draconian monk (Zot:1)
  8 vault wardens
  10 fire giants
  3 revenants
  5 deep elf sorcerers
  10 ghost moths
  9 draconian scorchers
  12 frost giants
  A corrupter (D:9)
  3 draconian stormcallers
  8 draconian shifters
  7 emperor scorpions
  2 orc warlords
  6 draconian knights
  Aizul (Shoals:1)
  4 deep elf elementalists (Elf:3)
  10 ironheart preservers
  2 ghouls
  Louise (Shoals:1)
  2 curse skulls
  2 spriggan defenders (Depths:4)
  7 entropy weavers
  20 stone giants
  9 draconian annihilators
  25 very ugly things
  A war gargoyle (Vaults:3)
  12 deep elf demonologists
  10 green draconians
  18 black draconians
  12 purple draconians
  14 red draconians
  13 vampire knights
  Azrael (Elf:1)
  6 deep elf annihilators
  15 spark wasps
  12 white draconians
  11 yellow draconians
  6 dire elephants (Lair:6)
  A merfolk javelineer (Shoals:4)
  2 eidola
  5 deep elf death magi
  8 ettins
  A crystal guardian (Vaults:1)
  8 yaktaur captains
  16 fire dragons
  10 merfolk impalers
  21 jiangshi
  A green death (Zot:5)
  Josephine (D:10)
  6 deep elf high priests
  13 great orbs of eyes
  8 rakshasas
  A spectral shadow dragon (Crypt:3)
  Fannar (D:10)
  A quicksilver dragon skeleton (Crypt:1)
  A hell beast (Zot:5)
  9 hydras
  An anaconda (Lair:6)
  5 spriggan air magi
  6 vault guards
  A ghost crab (Abyss:3)
  10 centaur warriors
  2 merfolk aquamancers (Shoals:4)
  15 ice dragons
  5 merfolk avatars
  2 alligator snapping turtles
  5 satyrs
  9 dancing weapons
  A catoblepas (Shoals:4)
  9 death knights
  17 ogre magi
  61 two-headed ogres
  14 deep troll shamans
  A queen ant (Lair:3)
  8 vampire magi
  2 death yaks (Shoals:4)
  A titan zombie (Crypt:1)
  11 deep troll earth magi
  6 orc high priests
  2 spriggan berserkers
  6 tengu warriors
  A hell knight (Depths:5)
  A wretched star (Abyss:2)
  A storm dragon zombie (Crypt:2)
  A soul eater (Depths:5)
  18 deep elf knights
  A storm dragon skeleton (Crypt:3)
  A fire crab (Abyss:3)
  7 shadow wraiths
  2 golden dragon zombies (Crypt:1)
  33 skeletal warriors
  3 iron trolls
  9 sea snakes
  A sixfirhy (D:11)
  A swamp dragon (shapeshifter) (D:15)
  3 unseen horrors
  5 glowing orange brains
  39 deep trolls
  An unseen horror (shapeshifter) (Vaults:1)
  2 ghost moth zombies (Spider:1)
  A kraken simulacrum (Shoals:4)
  A shadow demon (Zot:5)
  6 flayed ghosts
  A tengu zombie (Vaults:2)
  A wizard (Vaults:3)
  6 large abominations
  18 deep elf archers
  A lindwurm (Lair:5)
  8 harpies
  7 necromancers
  9 phantasmal warriors
  An anaconda skeleton (Crypt:2)
  14 ironbrand convokers
  10 orc knights
  3 wolf spider zombies
  A shambling mangrove (Abyss:3)
  A shining eye (D:14)
  64 deep elf magi
  20 orb spiders
  7 orc sorcerers
  A frost giant zombie (Crypt:2)
  51 ugly things
  A fire giant zombie (Crypt:1)
  A worldbinder (Abyss:2)
  5 cyclopes
  2 shadow dragon skeletons (Crypt:1)
  12 manticores
  An iron dragon zombie (Crypt:1)
  24 elephants
  20 moths of wrath
  12 fauns
  12 merfolk sirens
  A salamander (shapeshifter) (D:15)
  6 centaur zombies
  2 guardian serpents (shapeshifter)
  A sphinx skeleton (Crypt:2)
  39 wolf spiders
  A fire giant skeleton (Crypt:2)
  2 apocalypse crabs (Abyss:3)
  A water nymph (Shoals:3)
  14 vault sentinels
  8 black mambas
  3 ice statues
  2 rust devils
  4 orange demons
  A storm dragon simulacrum (Crypt:2)
  16 small abominations
  4 smoke demons
  3 gargoyles
  17 spiny frogs
  A spiny frog (shapeshifter) (Vaults:2)
  A torpor snail (shapeshifter) (Depths:4)
  A yaktaur zombie (Vaults:2)
  6 freezing wraiths
  18 demonic crawlers
  An emperor scorpion zombie (Spider:1)
  A human zombie (Vaults:2)
  10 komodo dragons
  35 yaktaurs
  2 redback zombies (Spider:1)
  14 ice devils
  A yaktaur (shapeshifter) (Elf:2)
  10 hellwings
  2 efreet
  A green draconian skeleton (Crypt:1)
  3 red devils
  3 meliai (D:13)
  3 jumping spiders (shapeshifter)
  8 trolls
  5 tengu conjurers
  39 jumping spiders
  4 ancient zymes
  A meliai (shapeshifter) (D:15)
  A wolf spider simulacrum (Crypt:1)
  A polar bear (shapeshifter) (D:15)
  A bog body (Crypt:2)
  A queen bee (shapeshifter) (Depths:5)
  14 wind drakes
  31 merfolk
  3 moth of wrath zombies (Spider:1)
  A polar bear (Lair:4)
  Grinder (D:4)
  A hornet (shapeshifter) (D:14)
  19 blink frogs
  16 hornets
  17 hippogriffs
  7 raiju (Abyss:2)
  A tarantella zombie (Spider:1)
  An ettin zombie (Crypt:1)
  8 snapping turtles
  A wind drake (shapeshifter) (Depths:3)
  A frost giant simulacrum (Crypt:3)
  21 slime creatures
  A hippogriff (shapeshifter) (Depths:3)
  4 jumping spider zombies (Spider:1)
  50 flying skulls (Crypt:3)
  40 air elementals
  An alligator skeleton (Crypt:2)
  A guardian serpent skeleton (Crypt:1)
  A dire elephant simulacrum (Crypt:3)
  74 redbacks
  A fire dragon skeleton (Crypt:1)
  2 spriggans (shapeshifter)
  6 shadows
  15 wraiths
  A wyvern (shapeshifter) (Vaults:4)
  A black mamba skeleton (Crypt:1)
  An ettin skeleton (Crypt:1)
  A redback (shapeshifter) (D:15)
  2 spriggans
  11 fire elementals
  24 tarantellas
  A basilisk (shapeshifter) (Vaults:2)
  35 yaks
  Grum (D:11)
  3 hungry ghosts
  3 ynoxinuls
  A tarantella (shapeshifter) (Vaults:2)
  5 basilisks
  15 water elementals
  9 wyverns
  6 chaos spawn
  2 neqoxecs
  A steam dragon (D:11)
  3 vampire mosquitoes (Spider:1)
  14 insubstantial wisps
  10 wargs
  An infernal demonspawn zombie (Crypt:2)
  7 acid dragons
  A spiny frog zombie (Crypt:2)
  Edmund (D:4)
  A floating eye (shapeshifter) (D:15)
  17 soldier ants
  A soldier ant (shapeshifter) (Depths:1)
  An orb spider zombie (Spider:1)
  A floating eye (Depths:4)
  12 porcupines
  16 water moccasins
  3 hell hounds (Elf:1)
  6 ice beasts
  An eye of draining (shapeshifter) (D:15)
  A manticore zombie (Crypt:1)
  54 orc warriors
  5 sky beasts
  A hornet zombie (Spider:1)
  An ogre (shapeshifter) (Vaults:4)
  3 black bears
  An ettin simulacrum (Crypt:1)
  4 eyes of draining
  6 necrophages
  2 phantoms
  43 ogres
  20 boggarts
  17 centaurs
  16 wolves
  A swamp dragon skeleton (Crypt:1)
  A torpor snail zombie (Spider:1)
  A human skeleton (Vaults:2)
  16 crocodiles
  A salamander zombie (Crypt:2)
  2 big kobolds
  A gnoll sergeant (D:8)
  19 bullfrogs
  2 wyvern zombies
  A komodo dragon zombie (Crypt:2)
  A draconian skeleton (Crypt:1)
  6 earth elementals
  8 scorpions
  A wyvern skeleton (Crypt:1)
  A polar bear zombie (Crypt:1)
  5 killer bees (D:7)
  10 jellies
  A raiju skeleton (Crypt:2)
  15 wights
  2 vampire bats (D:3)
  8 electric eels
  4 howler monkeys (D:7)
  8 crimson imps
  14 hounds
  3 quasits
  2 bullfrog skeletons (D:9)
  27 orc priests
  4 centaur skeletons
  An iron imp (Abyss:2)
  A demonspawn zombie (Crypt:2)
  Jessica (D:3)
  38 orc wizards
  Ijyb (D:5)
  An iguana (D:12)
  6 hell rats (Lair:2)
  35 worker ants
  2 hound skeletons
  A worker ant zombie (D:9)
  8 gnolls
  11 river rats (Lair:2)
  19 adders
  2 shadow imps (D:11)
  7 white imps
  8 ufetubi (IceCv)
  2 oozes
  3 adder zombies
  2 adder skeletons
  3 worms
  3 dart slugs
  2 leopard geckos
  94 orcs
  7 giant cockroaches
  11 goblins
  8 hobgoblins
  9 jackals
  21 kobolds
  11 quokkas
  A river rat zombie (Crypt:2)
  A ball python skeleton (Crypt:2)
  17 bats
  3 frilled lizards
  A jackal zombie (D:8)
  A quokka skeleton (D:9)
  21 rats
  A rat skeleton (Crypt:1)
  A butterfly (Lair:3)
  12 crawling corpses
  2 fungi
  3 plants (Lair:6)
  3 tentacles (Abyss:3)
2805 creatures vanquished.

Vanquished Creatures (others)
  A tentacled monstrosity (Depths:3)
  A lich (Depths:3)
  A fire giant (Depths:4)
  A white draconian (Zot:4)
  A merfolk impaler (Shoals:4)
  A flayed ghost (Vaults:3)
  A wizard (Depths:2)
  2 moths of wrath (Zot:5)
  A large abomination (Depths:2)
  A chaos spawn (Depths:2)
  2 boggarts
  6 small abominations (Depths:2)
  4 white imps (IceCv)
  An ufetubus (IceCv)
  48 bushes (Depths:2)
  11 fungi
  14 plants
  3 starspawn tentacles (Abyss:2)
  12 tentacles
112 creatures vanquished.

Grand Total: 2917 creatures vanquished

Notes
Turn   | Place    | Note
-------+----------+-------------------------------------------
     0 | D:1      | inmateoo the Ghoul Warper began the quest for the Orb.
     0 | D:1      | Reached XP level 1. HP: 17/17 MP: 2/2
   117 | D:1      | Reached XP level 2. HP: 23/24 MP: 3/3
   123 | D:1      | Reached skill level 3 in Unarmed Combat
   296 | D:1      | Reached XP level 3. HP: 29/29 MP: 4/4
   348 | D:1      | Reached skill level 4 in Unarmed Combat
  1666 | D:3      | Reached XP level 4. HP: 31/36 MP: 5/5
  1808 | D:3      | Reached skill level 5 in Unarmed Combat
  1823 | D:3      | Reached XP level 5. HP: 33/41 MP: 6/6
  1826 | D:3      | Reached skill level 6 in Unarmed Combat
  1912 | D:3      | Noticed Jessica
  1916 | D:3      | Killed Jessica
  1916 | D:3      | Reached XP level 6. HP: 50/50 MP: 7/7
  2271 | D:3      | Found a deep blue altar of Sif Muna.
  2638 | D:4      | Found a shattered altar of Ashenzari.
  2688 | D:4      | Found a bloodstained altar of Trog.
  2688 | D:4      | Noticed an eye of draining
  2692 | D:4      | Noticed an eye of draining
  2706 | D:4      | Killed an eye of draining
  2706 | D:4      | Reached skill level 7 in Unarmed Combat
  2706 | D:4      | Reached XP level 7. HP: 55/59 MP: 0/8
  2837 | D:4      | Noticed Grinder
  2847 | D:4      | Killed Grinder
  2847 | D:4      | Reached skill level 5 in Fighting
  2847 | D:4      | Reached skill level 8 in Unarmed Combat
  3191 | D:4      | Found a sparkling altar of Nemelex Xobeh.
  3208 | D:4      | Reached XP level 8. HP: 69/70 MP: 9/9
  3358 | D:4      | Found an ancient bone altar of Kikubaaqudgha.
  3358 | D:4      | Found a glowing golden altar of the Shining One.
  3358 | D:4      | Noticed Edmund
  3374 | D:4      | Killed Edmund
  3626 | D:5      | Entered Level 5 of the Dungeon
  3648 | D:5      | Noticed Hasart's ghost (novice DsIE)
  3776 | D:5      | Noticed Ijyb
  3781 | D:5      | Killed Ijyb
  4745 | D:5      | Reached skill level 9 in Unarmed Combat
  4920 | D:6      | Found a staircase to the Ecumenical Temple.
  4935 | Temple   | Entered the Ecumenical Temple
  5150 | Temple   | Became a worshipper of Cheibriados the Contemplative
  5195 | D:6      | Found a stormy altar of Qazlal.
  5282 | D:7      | Reached XP level 9. HP: 27/81 MP: 5/10
  5346 | D:7      | Reached skill level 10 in Unarmed Combat
  5471 | D:7      | Reached * piety under Cheibriados
  5519 | D:7      | Reached skill level 1 in Armour
  5529 | D:7      | Found Zuosm's Assorted Antiques.
  5559 | D:7      | Bought a metallic orange potion for 24 gold pieces
  5559 | D:7      | Bought a lumpy ruby potion for 24 gold pieces
  5559 | D:7      | Bought a scroll of identify for 54 gold pieces
  5559 | D:7      | Bought a small cabochon ring for 135 gold pieces
  5559 | D:7      | Bought 2 scrolls of teleportation for 162 gold pieces
  5562 | D:7      | Learned a level 2 spell: Blink
  5565 | D:7      | Learned a level 2 spell: Shroud of Golubria
  5569 | D:7      | Learned a level 3 spell: Lesser Beckoning
  5574 | D:7      | Learned a level 4 spell: Passage of Golubria
  5778 | D:8      | Noticed a two-headed ogre
  5782 | D:8      | Killed a two-headed ogre
  5917 | D:8      | Reached skill level 11 in Unarmed Combat
  5978 | D:8      | Reached XP level 10. HP: 90/90 MP: 9/11
  6041 | D:8      | Noticed a two-headed ogre
  6250 | D:6      | Found a burning altar of Makhleb.
  6353 | D:6      | Reached ** piety under Cheibriados
  6601 | D:8      | Killed a two-headed ogre
  6601 | D:8      | Reached skill level 10 in Fighting
  7099 | D:8      | Reached skill level 5 in Armour
  7308 | D:8      | Reached skill level 1 in Shields
  7528 | D:9      | Found a staircase to the Orcish Mines.
  7772 | D:8      | Reached *** piety under Cheibriados
  7894 | D:10     | Entered Level 10 of the Dungeon
  8018 | D:10     | Reached skill level 12 in Unarmed Combat
  8088 | D:10     | Reached XP level 11. HP: 88/101 MP: 9/12
  8147 | D:10     | Noticed a two-headed ogre
  8159 | D:10     | Killed a two-headed ogre
  8159 | D:10     | Reached **** piety under Cheibriados
  8320 | D:10     | Noticed Josephine
  8330 | D:10     | Killed Josephine
  8414 | D:10     | Noticed Fannar
  8465 | D:10     | Killed Fannar
  8810 | D:11     | Noticed a two-headed ogre
  8820 | D:10     | Killed a two-headed ogre
  8988 | D:11     | Noticed a two-headed ogre
  8999 | D:11     | Killed a two-headed ogre
  9029 | D:11     | Noticed Maurice
  9030 | D:11     | Noticed a brown ugly thing
  9039 | D:11     | Noticed Maurice
  9039 | D:11     | Maurice changed into Maurice the hornet
  9043 | D:11     | Killed Maurice the hornet
  9073 | D:11     | Killed a brown ugly thing
  9073 | D:11     | Reached ***** piety under Cheibriados
  9073 | D:11     | Reached skill level 5 in Shields
  9123 | D:11     | Noticed Erica
  9126 | D:11     | Noticed Erica
  9126 | D:11     | Erica changed into Erica the komodo dragon
  9131 | D:11     | Killed Erica the komodo dragon
  9168 | D:11     | Noticed a two-headed ogre
  9185 | D:11     | Killed a two-headed ogre
  9185 | D:11     | Reached skill level 13 in Unarmed Combat
  9185 | D:11     | Reached XP level 12. HP: 57/112 MP: 7/13
  9247 | D:11     | Noticed a two-headed ogre
  9253 | D:11     | Killed a two-headed ogre
  9323 | D:11     | Reached skill level 1 in Invocations
  9345 | D:11     | Noticed a vault guard
  9345 | D:11     | Noticed Grum
  9352 | D:11     | Killed Grum
  9359 | D:11     | Killed a vault guard
  9378 | D:11     | Found a portal to a secret trove of treasure.
  9532 | D:11     | Noticed a two-headed ogre
  9541 | D:11     | Killed a two-headed ogre
  9851 | D:12     | Noticed a two-headed ogre
  9868 | D:11     | Killed a two-headed ogre
 10291 | D:12     | Noticed Frances
 10302 | D:12     | Killed Frances
 10302 | D:12     | Reached skill level 5 in Invocations
 10578 | D:13     | Reached XP level 13. HP: 71/119 MP: 11/16
 11533 | D:14     | Noticed Nessos
 11535 | D:14     | Noticed Nessos
 11535 | D:14     | Nessos changed into Nessos the shining eye
 11551 | D:14     | Killed Nessos the shining eye
 11818 | D:14     | Noticed an ice dragon
 11818 | D:14     | Noticed an ettin
 11822 | D:14     | Killed an ettin
 11832 | D:14     | Killed an ice dragon
 11832 | D:14     | Reached skill level 14 in Unarmed Combat
 12604 | D:14     | Found a gate to the Vaults.
 12639 | D:15     | Entered Level 15 of the Dungeon
 12862 | D:9      | Found a staircase to the Lair.
 13013 | D:9      | Learned a level 2 spell: Passwall
 13540 | Lair:1   | Entered Level 1 of the Lair of Beasts
 14086 | Lair:1   | Reached ****** piety under Cheibriados
 14299 | Lair:2   | Reached XP level 14. HP: 127/127 MP: 19/19
 14331 | Lair:2   | Found a staircase to the Shoals.
 15057 | Lair:2   | Found a hole to the Spider Nest.
 16009 | Lair:3   | Reached skill level 5 in Translocations
 16588 | Lair:4   | Reached skill level 10 in Invocations
 17481 | Lair:5   | Learned a level 1 spell: Apportation
 17570 | Lair:5   | Reached skill level 5 in Spellcasting
 18023 | Lair:6   | Entered Level 6 of the Lair of Beasts
 18276 | Lair:6   | Reached XP level 15. HP: 120/138 MP: 16/21
 18495 | Lair:6   | Found a runed door.
 18495 | Lair:6   | Found a viscous altar of Jiyva.
 18495 | Lair:6   | Found a staircase to the Slime Pits.
 18792 | Lair:6   | Reached skill level 15 in Unarmed Combat
 19298 | Lair:6   | Reached skill level 10 in Armour
 19957 | Orc:1    | Entered Level 1 of the Orcish Mines
 20117 | Orc:2    | Entered Level 2 of the Orcish Mines
 20129 | Orc:2    | Paralysed by an orc sorcerer for 5 turns
 20142 | Orc:2    | Noticed Saint Roka
 20623 | Orc:2    | Killed Saint Roka
 21048 | Orc:2    | Found a staircase to the Elven Halls.
 21157 | Orc:2    | Reached XP level 16. HP: 126/147 MP: 12/24
 21303 | Orc:2    | Paralysed by an orc sorcerer for 2 turns
 21677 | Orc:2    | Found Huzicliv's Antique Armour Shoppe.
 21697 | Orc:2    | Found Upitzax's Antique Weapon Emporium.
 21701 | Orc:2    | Found Eleasal's General Store.
 21701 | Orc:2    | Found Evorud's Jewellery Shoppe.
 21717 | Orc:2    | Bought an uncursed amulet of regeneration for 390 gold pieces
 21717 | Orc:2    | Bought an uncursed ring of protection from magic for 325 gold pieces
 21726 | Orc:2    | Bought a potion of agility for 56 gold pieces
 21726 | Orc:2    | Bought a potion of curing for 42 gold pieces
 22065 | D:15     | Found Wiexus's Gadget Boutique.
 22925 | D:15     | Reached skill level 15 in Fighting
 23325 | D:15     | Found a staircase to the Depths.
 23451 | D:15     | Reached skill level 10 in Translocations
 24474 | Spider:1 | Entered Level 1 of the Spider Nest
 24538 | Spider:1 | Reached skill level 1 in Evocations
 25597 | Spider:1 | Reached XP level 17. HP: 145/156 MP: 27/27
 25809 | Spider:2 | Reached skill level 16 in Unarmed Combat
 27140 | Spider:2 | Got a spiked ring mail
 27151 | Spider:2 | Identified the cursed +1 ring mail of the Vaults {-Tele Str+6} (You found it on level 2 of the Spider Nest)
 27201 | Spider:2 | Reached skill level 5 in Evocations
 27685 | Spider:3 | Reached skill level 5 in Dodging
 28091 | Spider:4 | Entered Level 4 of the Spider Nest
 28877 | Spider:4 | Reached XP level 18. HP: 158/166 MP: 26/29
 29778 | Spider:4 | Got a gossamer rune of Zot
 30108 | Vaults:1 | Entered Level 1 of the Vaults
 30607 | Vaults:1 | Found Tugguf's General Store.
 30615 | Vaults:1 | Bought a scroll of identify for 26 gold pieces
 30753 | Vaults:1 | HP: 8/168 [vault warden/great mace (21)]
 30771 | Vaults:1 | Reached skill level 17 in Unarmed Combat
 31812 | Vaults:2 | Reached XP level 19. HP: 174/174 MP: 31/31
 32141 | D:11     | You paid a toll of +3 fire dragon scales to enter a treasure trove
 32142 | Trove    | Entered a treasure trove
 32328 | Depths:1 | Entered Level 1 of the Depths
 32401 | Depths:1 | Found a gateway to Hell.
 32564 | Depths:1 | Found a one-way gate to the infinite horrors of the Abyss.
 32932 | Depths:1 | Found Vanusm's Book Shop.
 33045 | Depths:1 | Reached skill level 18 in Unarmed Combat
 33338 | Depths:1 | Found a one-way gate leading to the halls of Pandemonium.
 33447 | Depths:1 | Noticed a lich
 33470 | Depths:1 | Killed a lich
 33949 | Shoals:1 | Entered Level 1 of the Shoals
 34017 | Shoals:1 | Noticed Louise
 34046 | Shoals:1 | Killed Louise
 34046 | Shoals:1 | Reached skill level 19 in Unarmed Combat
 34325 | Shoals:1 | Noticed Aizul
 34350 | Shoals:1 | Killed Aizul
 34653 | Shoals:2 | Reached XP level 20. HP: 164/184 MP: 28/32
 35458 | Shoals:2 | Cast into level 2 of the Abyss (merfolk impaler)
 35682 | Abyss:2  | Reached skill level 20 in Unarmed Combat
 35813 | Abyss:2  | Found a corrupted altar of Lugonu.
 36019 | Abyss:3  | Got an abyssal rune of Zot
 36028 | Shoals:2 | Escaped the Abyss
 36151 | Shoals:3 | Found a stormy altar of Qazlal.
 36251 | Shoals:3 | Found a glowing golden altar of the Shining One.
 36298 | Shoals:3 | Found a frozen archway.
 36308 | IceCv    | Entered an ice cave
 37310 | Shoals:4 | Entered Level 4 of the Shoals
 37556 | Shoals:4 | Identified the Grimoire of Transformation and Dislocation
 37662 | Shoals:4 | Noticed Polyphemus
 37680 | Shoals:4 | Killed Polyphemus
 37697 | Shoals:4 | Reached skill level 10 in Dodging
 37823 | Shoals:4 | Reached skill level 21 in Unarmed Combat
 38206 | Shoals:4 | Reached XP level 21. HP: 167/191 MP: 30/33
 38318 | Shoals:4 | Got a barnacled rune of Zot
 38641 | Elf:1    | Entered Level 1 of the Elven Halls
 38642 | Elf:1    | Noticed Azrael
 38665 | Elf:1    | Killed Azrael
 38839 | Elf:1    | Noticed Agnes
 38843 | Elf:1    | Killed Agnes
 38871 | Elf:1    | Noticed Roxanne
 39637 | Elf:1    | Killed Roxanne
 40107 | Elf:2    | Found a runed gate.
 40107 | Elf:2    | Found a runed gate.
 40107 | Elf:2    | Found a runed gate.
 40224 | Elf:2    | Found Quutos's Antique Armour Emporium.
 40234 | Elf:2    | Bought an embroidered cloak for 180 gold pieces
 40234 | Elf:2    | Bought a smoking plate armour for 672 gold pieces
 40269 | Elf:2    | Identified the cursed +0 plate armour of Axkyng {rN++} (You bought it in a shop on level 2 of the Elven Halls)
 40358 | Elf:3    | Entered Level 3 of the Elven Halls
 40364 | Elf:3    | Noticed Jorgrun
 40372 | Elf:3    | Killed Jorgrun
 40454 | Elf:3    | Found a magical portal.
 40463 | WizLab   | Entered The Chambers of the Cloud Mage
 40998 | WizLab   | HP: 8/191 [Rafy the Cloud Mage/the air (39)]
 41672 | WizLab   | Identified the Collected Works on Air
 41689 | WizLab   | Identified the Guide on Flight
 41701 | WizLab   | Learned a level 9 spell: Tornado
 41969 | Elf:3    | Reached skill level 22 in Unarmed Combat
 42130 | Elf:3    | Learned a level 3 spell: Regeneration
 42357 | Elf:3    | Reached skill level 1 in Air Magic
 42361 | Elf:3    | Reached skill level 1 in Charms
 42364 | Elf:3    | Noticed Asterion
 42376 | Elf:3    | Got an ancient plate armour
 42399 | Elf:2    | Identified the +3 plate armour "Kiheirul" {rElec rF- rN++ Int+4} (You found it on level 3 of the Elven Halls)
 43212 | Elf:3    | Killed Asterion
 43212 | Elf:3    | Reached skill level 1 in Necromancy
 43238 | Elf:3    | Got a jewelled shield
 43249 | Elf:3    | Identified the +2 shield of Supple Strength {+Fly rPois Regen+} (You took it off Asterion on level 3 of the Elven Halls)
 43382 | Elf:3    | Reached XP level 22. HP: 199/199 MP: 34/34
 43484 | Elf:3    | Reached skill level 10 in Spellcasting
 43979 | Elf:3    | Got a fine chain mail
 44026 | Elf:3    | Identified the +3 chain mail "Hauleur" {rElec rN+ Int+4} (You took it off a deep elf blademaster on level 3 of the Elven Halls)
 44051 | Elf:3    | Got a bound ruby amulet
 44052 | Elf:3    | Identified the amulet "Beraf" {Spirit MR+ Str+2} (You found it on level 3 of the Elven Halls)
 44056 | Elf:3    | Identified the Collected Works on Attacks
 44061 | Elf:3    | Got a fine wooden ring
 44062 | Elf:3    | Identified the ring "Ynet" {rC+ MR+} (You found it on level 3 of the Elven Halls)
 44245 | Elf:3    | Learned a level 6 spell: Deflect Missiles
 44252 | Elf:3    | Identified the +0 chain mail "Ive Ill" {rC+} (You found it on level 3 of the Elven Halls)
 44587 | D:7      | Bought a scroll of enchant armour for 202 gold pieces
 44587 | D:7      | Bought a scroll of enchant armour for 202 gold pieces
 46295 | Vaults:3 | Reached skill level 5 in Air Magic
 46307 | Vaults:3 | Identified the +6 plate armour "Lekipoe" {Str+2} (You found it on level 3 of the Vaults)
 46386 | Vaults:3 | Reached XP level 23. HP: 172/206 MP: 28/36
 46558 | Vaults:4 | Noticed Donald
 46576 | Vaults:4 | Killed Donald
 46868 | Vaults:4 | Reached skill level 10 in Evocations
 47185 | Vaults:4 | Found Joler's Magic Scroll Shop.
 47193 | Vaults:4 | Bought a scroll of identify for 26 gold pieces
 47193 | Vaults:4 | Bought a scroll of remove curse for 39 gold pieces
 47193 | Vaults:4 | Bought a scroll of identify for 26 gold pieces
 47193 | Vaults:4 | Bought a scroll of remove curse for 39 gold pieces
 47193 | Vaults:4 | Bought a scroll of teleportation for 39 gold pieces
 47193 | Vaults:4 | Bought a scroll of teleportation for 39 gold pieces
 47287 | Vaults:4 | Found Kimewk's Antique Armour Shop.
 47588 | Vaults:4 | Noticed Mara
 47598 | Vaults:4 | Killed Mara
 47618 | Vaults:4 | Found Ottuor Cael's Book Emporium.
 47635 | Vaults:4 | Found Wiguf's Weapon Shoppe.
 47776 | Vaults:4 | Found Zadghud's Book Shoppe.
 47792 | Vaults:4 | Bought a manual of Necromancy for 1766 gold pieces
 47867 | Vaults:3 | Reached skill level 5 in Necromancy
 47976 | Vaults:3 | Found Jipiruw's Book Shop.
 48009 | Vaults:3 | Found a staircase to the Crypt.
 48479 | Crypt:1  | Entered Level 1 of the Crypt
 48744 | Crypt:1  | Reached XP level 24. HP: 181/213 MP: 31/36
 48751 | Crypt:1  | Reached skill level 5 in Charms
 48760 | Crypt:1  | Reached skill level 23 in Unarmed Combat
 49538 | Crypt:2  | Found a basalt altar of Yredelemnul.
 50495 | Crypt:3  | Entered Level 3 of the Crypt
 50861 | Crypt:3  | Found a basalt altar of Yredelemnul.
 51581 | Crypt:3  | Learned a level 5 spell: Dispel Undead
 51587 | Crypt:3  | Learned a level 5 spell: Bolt of Draining
 51738 | Crypt:3  | Reached XP level 25. HP: 148/217 MP: 35/37
 51843 | Crypt:3  | Found a staircase to the Tomb.
 52692 | Depths:2 | Identified the cursed +1 chain mail of Conscience {rF+ MP+9 Dex+5} (You found it on level 2 of the Depths)
 53928 | Depths:3 | Reached XP level 26. HP: 233/233 MP: 37/37
 54470 | Depths:4 | Reached skill level 24 in Unarmed Combat
 54548 | Depths:4 | Reached skill level 10 in Necromancy
 54620 | Depths:4 | Reached skill level 10 in Air Magic
 54630 | Depths:4 | Reached skill level 10 in Shields
 54774 | Depths:4 | Identified the ring of Rivonap {*Tele Str+3} (You found it on level 4 of the Depths)
 54776 | Depths:4 | Identified the ring of Winter {rF+ rC+ rN+} (You found it on level 4 of the Depths)
 55093 | Depths:5 | Entered Level 5 of the Depths
 55464 | Depths:5 | Found a gate to the Realm of Zot.
 55517 | Depths:5 | Reached XP level 27. HP: 228/240 MP: 38/38
 55601 | Depths:5 | Found a gateway to a ziggurat.
 55968 | Zot:1    | Entered Level 1 of the Realm of Zot
 55991 | Zot:1    | Noticed an orb of fire
 56831 | Zot:1    | Reached skill level 15 in Armour
 56879 | Zot:1    | Killed an orb of fire
 58038 | Zot:3    | Reached skill level 25 in Unarmed Combat
 58829 | Zot:4    | Noticed an orb of fire
 58839 | Zot:4    | Killed an orb of fire
 59064 | Zot:5    | Entered Level 5 of the Realm of Zot
 59211 | Zot:5    | Noticed an ancient lich
 59226 | Zot:5    | Killed an ancient lich
 59287 | Zot:5    | Noticed an orb of fire
 59351 | Zot:5    | Killed an orb of fire
 59404 | Zot:5    | Identified a scroll of acquirement
 59407 | Zot:5    | Identified the +4 shield of the Turtledove {Str+4 Dex+7} (You acquired it on level 5 of the Realm of Zot)
 59460 | Zot:5    | Noticed an ancient lich
 59470 | Zot:5    | Killed an ancient lich
 59640 | Zot:5    | Noticed an ancient lich
 59649 | Zot:5    | Killed an ancient lich
 59649 | Zot:5    | Reached skill level 15 in Dodging
 59893 | Zot:5    | Noticed an orb of fire
 59906 | Zot:5    | Killed an orb of fire
 59906 | Zot:5    | Reached skill level 10 in Charms
 59991 | Zot:5    | Noticed an orb of fire
 60014 | Zot:5    | Killed an orb of fire
 60091 | Zot:5    | Identified the +1 plate armour "Tyidag" {rC- Int+6} (You found it on level 5 of the Realm of Zot)
 60301 | Zot:5    | Got the Orb of Zot
 60338 | Zot:5    | Noticed Xiniptei the pandemonium lord
 60342 | Zot:5    | Noticed an orb of fire
 60400 | Zot:5    | Killed an orb of fire
 60429 | Zot:5    | Noticed Fuot Uzu the pandemonium lord
 60435 | Zot:5    | Killed Fuot Uzu the pandemonium lord
 60470 | Zot:5    | Noticed an ancient lich
 60491 | Zot:5    | Killed an ancient lich
 60587 | Zot:1    | Noticed Zoedghig the pandemonium lord
 60610 | Zot:1    | Killed Zoedghig the pandemonium lord
 61055 | D:7      | Noticed Ympoehay the pandemonium lord
 61065 | D:7      | Killed Ympoehay the pandemonium lord
 61073 | D:7      | Noticed Ethok the pandemonium lord
 61241 | D:$      | Escaped with the Orb!

Skill      XL: |  1  2  3  4  5  6  7  8  9 10 11 12 13 14 15 16 17 18 19 20 21 22 23 24 25 26 27 |
---------------+----------------------------------------------------------------------------------+-----
Unarmed Combat | 3 4 5 6 7 8 9 11 12 13 14 15 16 17 19 21 22 23 24 25 | 25.9
Fighting       | 4 5 7 9 10 12 13 14 15 16 17 18 20 | 20.1
Armour         | 3 5 7 8 9 10 11 12 13 14 16 | 16.1
Shields        | 3 5 6 7 8 9 10 12 | 12.5
Invocations    | 5 8 10 | 10.1
Spellcasting   | 3 5 6 7 8 9 10 11 12 13 | 13.6
Translocations | 3 6 9 10 | 10.0
Dodging        | 3 5 7 8 10 12 13 14 15 | 15.3
Evocations     | 3 6 7 9 10 11 12 13 | 13.6
Air Magic      | 1 5 6 8 9 10 13 | 13.5
Charms         | 1 3 4 6 7 8 10 | 10.5
Necromancy     | 1 3 5 7 9 10 13 | 13.6
Throwing       | |  0.8

Action                   |  1- 3 |  4- 6 |  7- 9 | 10-12 | 13-15 | 16-18 | 19-21 | 22-24 | 25-27 || total
-------------------------+-------+-------+-------+-------+-------+-------+-------+-------+-------++-------
Melee: Unarmed           |   148 |   132 |   284 |   557 |  1416 |  1665 |  1837 |  1951 |  2220 || 10210
       Punch             |     1 |     3 |     6 |     7 |       |       |       |       |       ||    17
 Fire: Blowgun           |       |     4 |       |       |       |   101 |       |       |       ||   105
Throw: Throwing net      |       |       |       |     1 |       |       |       |     1 |     1 ||     3
 Cast: Shroud of Golubri |       |       |       |       |     2 |       |     1 |       |     2 ||     5
       Lesser Beckoning  |       |       |       |       |     1 |     4 |    62 |    17 |    32 ||   116
       Apportation       |       |       |       |       |     1 |       |    10 |       |    11 ||    22
       Blink             |       |       |       |       |     1 |       |     2 |     1 |     7 ||    11
       Passage of Golubr |       |       |       |       |       |       |     2 |       |       ||     2
       Regeneration      |       |       |       |       |       |       |       |       |    18 ||    18
       Deflect Missiles  |       |       |       |       |       |       |       |       |     8 ||     8
Invok: Slouch            |       |       |       |     3 |    10 |    14 |    19 |       |    14 ||    60
       Temporal Distorti |       |       |       |       |       |       |       |       |     6 ||     6
       Bend Time         |       |       |       |       |       |       |       |       |     1 ||     1
 Abil: Evoke Invisibilit |       |       |       |       |       |       |     1 |       |     5 ||     6
Evoke: Wand              |       |       |     5 |     8 |    10 |     4 |       |       |     3 ||    30
       Lamp of fire      |       |       |       |       |       |     1 |     1 |     1 |       ||     3
  Use: Scroll            |     6 |       |     8 |     9 |     7 |     8 |    25 |    14 |    26 ||   103
       Potion            |       |       |     3 |     1 |     5 |     7 |     7 |       |    29 ||    52
 Stab: Held in net/web   |       |       |       |     2 |       |     3 |       |     1 |       ||     6
       Distracted        |       |       |       |       |       |     1 |     1 |       |       ||     2
       Invisible         |       |       |       |       |       |     2 |       |       |    34 ||    36
  Eat: Chunk             |     6 |    13 |    29 |    58 |   105 |   244 |   186 |    88 |   192 ||   921
       Royal jelly       |       |       |       |       |       |       |       |     1 |       ||     1
Armor: Leather armour    |    52 |       |       |       |       |       |       |       |       ||    52
       Ring mail         |    19 |    60 |    29 |       |       |       |       |       |       ||   108
       Scale mail        |       |       |    73 |    50 |       |       |       |       |       ||   123
       Plate armour      |       |       |       |   272 |   809 |  1211 |   673 |   556 |   331 ||  3852
       Chain mail        |       |       |       |       |       |       |       |       |   310 ||   310
Dodge: Dodged            |    92 |    74 |   124 |   239 |   522 |   952 |   919 |   765 |  1249 ||  4936
       Deflected         |       |       |       |       |       |       |       |       |    40 ||    40
Block: Buckler           |       |       |       |   191 |   602 |   835 |   676 |       |       ||  2304
       Shield            |       |       |       |       |       |       |    18 |  1264 |  1528 ||  2810
